AoeStats
← Red Calypso

African Clearing

506976315Analyzed
4v4 RM · 16d ago on Sep 16, 2026· 44m 59s· 8 players
Game mode
Random Map
Map size
Large (8 player)
Population
200
Speed
Normal
Resources
Standard
Victory
Conquest
Starting age
Dark Age
Ending age
Imperial Age
RankedLock teamsTeams togetherTeam positionsShared explorationLock speedFull tech treeHidden civsTurbo modeCheats
Victory
Defeat
🇧🇷 Wu · Brazil
1571
+12
🇨🇳 Shu · China
1547
+13
🇨🇱 Vikings · Chile
1395
+19
🇵🇪 Maya · Peru
1348
+22
🇵🇰 Britons · Pakistan
1525
-18
🇩🇪 Portuguese · Germany
1504
-18
🇦🇹 Tupi · Austria
1452
-16
🇹🇼 Gurjaras · Taiwan
1420
-14
Red Calypso
8:18 Loom
12:25 Feudal Age
16:42 Castle Age
15:24 Double-Bit Axe
15:49 Fletching
36:03 Wheelbarrow
36:46 Ballistics
37:57 Bow Saw
37:28 Horse Collar
38:18 Hand Cart
41:56 Heavy Plow
41:48 Gold Mining
43:58 Bodkin Arrow
偷偷
9:20 Loom
13:32 Feudal Age
14:05 Double-Bit Axe
14:45 Horse Collar
21:41 Castle Age
19:54 Gold Mining
21:14 Scale Barding Armor
21:19 Forging
21:20 Bloodlines
22:52 Husbandry
23:14 Chain Barding Armor
22:51 Stone Mining
30:34 Bow Saw
31:24 Heavy Plow
34:01 Wheelbarrow
37:53 Imperial Age
36:44 Kshatriyas
37:25 Iron Casting
37:16 Hand Cart
38:02 Elite Shrivamsha Rider
39:44 Plate Barding Armor
43:14 Conscription
vR-MrReD
3:03 Loom
12:26 Feudal Age
13:03 Double-Bit Axe
20:35 Wheelbarrow
24:00 Castle Age
23:46 Fletching
25:32 Gold Mining
31:21 Horse Collar
33:36 Scale Barding Armor
35:10 Forging
35:38 Husbandry
37:17 Chain Barding Armor
37:55 Iron Casting
jojeeojee
7:54 Loom
9:21 Loom
11:23 Feudal Age
12:25 Loom
13:21 Double-Bit Axe
14:45 Gold Mining
15:27 Fletching
17:17 Wheelbarrow
18:49 Padded Archer Armor
25:06 Castle Age
25:37 Castle Age
26:44 Bow Saw
26:26 Horse Collar
26:46 Bodkin Arrow
27:22 Crossbowman
30:32 Forging
40:57 Scale Barding Armor
42:57 Chain Barding Armor
44:17 Iron Casting
GAX | BiduZera
12:57 Feudal Age
13:19 Loom
17:08 Castle Age
15:21 Double-Bit Axe
16:53 Gold Mining
17:15 Scale Mail Armor
18:24 Chain Mail Armor
18:20 Bow Saw
21:17 Squires
24:37 Forging
25:37 Wheelbarrow
25:59 Arson
29:21 Iron Casting
34:50 Gold Shaft Mining
33:52 Pikeman
35:05 Horse Collar
36:31 Hand Cart
36:31 Heavy Plow
37:31 Fletching
40:44 Imperial Age
40:09 Bodkin Arrow
42:30 Blast Furnace
42:04 Plate Mail Armor
41:55 Conscription
41:48 Masonry
43:41 Blast Furnace
42:26 Halberdier
45:49 Two-Man Saw
45:08 Padded Archer Armor
45:08 Bracer
46:15 Chemistry
45:40 Ballistics
percy_bysshe
5:24 Loom
13:15 Feudal Age
31:24 Castle Age
CumanoBorracho92
7:51 Loom
11:21 Loom
13:51 Feudal Age
18:40 Fletching
19:05 Town Watch
20:26 Padded Archer Armor
24:57 Horse Collar
34:16 Castle Age
35:11 Bodkin Arrow
34:40 Crossbowman
35:51 Double-Bit Axe
38:06 Ballistics
39:32 Heavy Plow
39:43 Town Patrol
43:00 Leather Archer Armor
ty
11:52 Loom
14:14 Feudal Age
15:32 Double-Bit Axe
18:07 Castle Age
19:28 Bow Saw
19:32 Fletching
20:04 Crossbowman
21:01 Bodkin Arrow
22:12 Horse Collar
28:32 Wheelbarrow
30:35 Ballistics
31:41 Gold Mining
31:41 Stone Mining
34:33 Imperial Age
32:17 Padded Archer Armor
33:14 Leather Archer Armor
33:14 Thumb Ring
35:14 Hand Cart
35:14 Bracer
34:47 Arbalester
36:48 Chemistry
37:49 Bolt Magazine
38:10 Conscription
38:56 Ring Archer Armor
39:40 Gold Shaft Mining
38:55 Stone Mining
44:04 Guard Tower
44:21 Siege Engineers
44:01 Arrowslits
Connection lost

Rejoining the realm…

Still unreachable

The connection could not be restored.

Session expired

The server has moved on; the page needs a fresh start.